General information
- name: BNet
- type: Ladder team game (AT/RT)
- host: Battle.net
- saver: NeegauFggot
map: Cherryville
- players: 8
- length: 26:37
- speed: Fast
- version: 1.26 W3XP
- replay type: Public
» download(182 KB)
Players
team 1 (winner)

»
gods_agree (
orange | 49 APM | 1296 actions | 26:36)
6 Blademaster
2 Wind Walk
3 Critical Strike
1 Bladestorm
4 Shadow Hunter
2 Healing Wave
2 Hex
3 Tauren Chieftain
1 Shockwave
2 Endurance Aura
» actions
| Assign group hotkey | 10 | |
| Build / train | 88 | |
| Enter build submenu | 21 | |
| Enter hero's abilities submenu | 13 | |
| Give item / drop item | 3 | |
| Remove unit from queue | 2 | |
| Right click | 708 | |
| Select / deselect | 314 | |
| Select group hotkey | 65 | |
| Use ability | 72 | |
1296 total
» units
| Peon | 20 | |
| Troll Headhunter/Berserker | 18 | |
| Shaman | 7 | |
| Wind Rider | 2 | |
| Troll Witch Doctor | 5 | |
52 total
» upgrades
| Shaman Training | 2 | |
| Witch Doctor Training | 2 | |
| Berserker Upgrade | 1 | |
| Troll Regeneration | 2 | |
| Ranged Weapons | 1 | |
8 total
» buildings
| Altar of Storms | 1 | |
| Orc Burrow | 10 | |
| Voodoo Lounge | 2 | |
| War Mill | 1 | |
| Barracks | 1 | |
| Stronghold | 1 | |
| Fortress | 1 | |
| Spirit Lodge | 2 | |
| Great Hall | 3 | |
22 total
» build order
00:09 Altar of Storms
00:22 Orc Burrow
00:53 Voodoo Lounge
01:41 War Mill
01:46 Barracks
02:01 Orc Burrow
03:33 Stronghold
05:56 Orc Burrow
05:58 Fortress
06:30 Spirit Lodge
06:35 Spirit Lodge
07:49 Great Hall
09:22 Orc Burrow
10:10 Orc Burrow
14:13 Voodoo Lounge
16:30 Great Hall
16:45 Great Hall
17:29 Orc Burrow
17:59 Orc Burrow
18:56 Orc Burrow
19:31 Orc Burrow
20:54 Orc Burrow
» items
| Lesser Clarity Potion | 1 | |
| Healing Salve | 3 | |
| Orb of Lightning | 1 | |
| Scroll of Speed | 1 | |
| Scroll of Healing | 2 | |
8 total
NeegauFggot (
blue | 73 APM | 1932 actions | 26:37)
8 Blademaster
3 Wind Walk
3 Critical Strike
2 Bladestorm
» actions
| Assign group hotkey | 53 | |
| Basic commands | 15 | |
| Build / train | 61 | |
| Enter build submenu | 32 | |
| Enter hero's abilities submenu | 10 | |
| Remove unit from queue | 1 | |
| Right click | 929 | |
| Select / deselect | 300 | |
| Select group hotkey | 393 | |
| Use ability | 138 | |
1932 total
» units
| Peon | 10 | |
| Grunt | 8 | |
| Goblin Shredder | 1 | |
| Wind Rider | 5 | |
| Raider | 5 | |
| Goblin Sapper | 3 | |
32 total
» upgrades
| Pillage | 1 | |
| Melee Weapons | 1 | |
| Ensnare | 1 | |
| Armor | 1 | |
| Reinforced Defenses | 1 | |
5 total
» buildings
| Orc Burrow | 5 | |
| Altar of Storms | 1 | |
| Barracks | 1 | |
| Voodoo Lounge | 1 | |
| Stronghold | 6 | |
| War Mill | 2 | |
| Beastiary | 3 | |
| Watch Tower | 16 | |
| Great Hall | 3 | |
| Fortress | 1 | |
39 total
» build order
00:14 Orc Burrow
00:56 Altar of Storms
00:58 Barracks
01:09 Orc Burrow
01:39 Voodoo Lounge
02:50 Stronghold
02:51 Stronghold
02:51 Stronghold
04:54 War Mill
05:17 Beastiary
05:24 Beastiary
05:46 Orc Burrow
06:30 Watch Tower
06:32 Watch Tower
06:40 Watch Tower
07:32 Orc Burrow
07:36 Great Hall
08:48 Watch Tower
08:48 Watch Tower
08:49 Watch Tower
08:49 Watch Tower
09:54 Orc Burrow
10:02 Beastiary
12:16 War Mill
12:17 Great Hall
13:09 Great Hall
13:43 Stronghold
16:34 Fortress
16:37 Watch Tower
16:40 Watch Tower
16:41 Watch Tower
16:43 Watch Tower
18:29 Watch Tower
18:29 Watch Tower
18:31 Watch Tower
18:32 Watch Tower
20:33 Watch Tower
» items
| Healing Salve | 2 | |
| Scroll of Town Portal | 2 | |
| Boots of Speed | 1 | |
5 total
zanza-sagara (
red | 21 APM | 253 actions | 12:18)
2 Blademaster
1 Wind Walk
1 Mirror Image
» actions
| Build / train | 38 | |
| Enter build submenu | 13 | |
| Enter hero's abilities submenu | 2 | |
| Remove unit from queue | 1 | |
| Right click | 94 | |
| Select / deselect | 89 | |
| Use ability | 16 | |
253 total
» units
| Peon | 11 | |
| Troll Headhunter/Berserker | 2 | |
| Wind Rider | 10 | |
| Shaman | 3 | |
26 total
» upgrades
| Ranged Weapons | 1 | |
| Armor | 1 | |
| Shaman Training | 2 | |
| Envenomed Spears | 1 | |
5 total
» buildings
| Orc Burrow | 6 | |
| Altar of Storms | 1 | |
| War Mill | 1 | |
| Stronghold | 1 | |
| Barracks | 1 | |
| Voodoo Lounge | 1 | |
| Beastiary | 2 | |
| Fortress | 1 | |
| Spirit Lodge | 1 | |
15 total
» build order
00:29 Orc Burrow
00:44 Altar of Storms
01:07 Orc Burrow
02:08 War Mill
02:31 Orc Burrow
02:54 Stronghold
03:26 Barracks
03:58 Orc Burrow
04:36 Voodoo Lounge
04:58 Orc Burrow
05:23 Beastiary
05:35 Beastiary
05:53 Fortress
06:35 Orc Burrow
06:42 Spirit Lodge
» items

»
TGKAA (
purple | 43 APM | 1155 actions | 26:36)
5 Blood Mage
1 Banish
3 Flame Strike
1 Siphon Mana
4 Archmage
1 Summon Water Elemental
2 Brilliance Aura
1 Blizzard
» actions
| Assign group hotkey | 37 | |
| Basic commands | 23 | |
| Build / train | 102 | |
| Enter build submenu | 23 | |
| Enter hero's abilities submenu | 9 | |
| Give item / drop item | 3 | |
| Remove unit from queue | 1 | |
| Right click | 526 | |
| Select / deselect | 305 | |
| Select group hotkey | 57 | |
| Use ability | 69 | |
1155 total
» units
| Peasant | 28 | |
| Footman | 5 | |
| Gryphon Rider | 18 | |
| Knight | 7 | |
58 total
» upgrades
| Masonry | 3 | |
| Swords | 3 | |
| Plating | 3 | |
| Armor | 3 | |
| Lumber Harvesting | 2 | |
| Animal War Training | 1 | |
| Storm Hammers | 1 | |
16 total
» buildings
| Lumber Mill | 1 | |
| Farm | 13 | |
| Barracks | 1 | |
| Altar of Kings | 1 | |
| Scout Tower | 2 | |
| Arcane Tower | 2 | |
| Arcane Vault | 1 | |
| Blacksmith | 1 | |
| Town Hall | 1 | |
| Keep | 1 | |
| Castle | 1 | |
| Gryphon Aviary | 2 | |
27 total
» build order
00:07 Lumber Mill
00:09 Farm
00:49 Barracks
01:27 Altar of Kings
01:45 Farm
02:00 Scout Tower
02:25 Farm
02:40 Arcane Tower
03:03 Arcane Vault
03:36 Blacksmith
04:08 Scout Tower
05:04 Town Hall
05:08 Keep
05:10 Arcane Tower
05:40 Farm
06:44 Farm
07:28 Farm
07:30 Castle
08:16 Farm
08:38 Gryphon Aviary
08:55 Farm
09:43 Gryphon Aviary
11:26 Farm
15:55 Farm
19:24 Farm
20:47 Farm
21:19 Farm
» items
| Scroll of Regeneration | 4 | |
| Scroll of Town Portal | 5 | |
| Potion of Healing | 2 | |
| Orb of Fire | 1 | |
12 total
team 2 (loser)
GarlicMon (
pink | 87 APM | 2185 actions | 25:15)
3 Archmage
2 Blizzard
1 Brilliance Aura
5 Blood Mage
3 Flame Strike
2 Siphon Mana
» actions
| Assign group hotkey | 105 | |
| Basic commands | 126 | |
| Build / train | 120 | |
| ESC pressed | 20 | |
| Enter build submenu | 43 | |
| Enter hero's abilities submenu | 8 | |
| Give item / drop item | 1 | |
| Right click | 741 | |
| Select / deselect | 473 | |
| Select group hotkey | 425 | |
| Use ability | 123 | |
2185 total
» units
| Peasant | 35 | |
| Mortar Team | 12 | |
| Priest | 5 | |
| Sorceress | 4 | |
| Flying Machine | 1 | |
57 total
» upgrades
| Gunpowder | 2 | |
| Fragmentation Shards | 1 | |
| Armor | 1 | |
| Magic Sentry | 1 | |
| Priest Training | 1 | |
| Sorceress Training | 1 | |
| Flare | 1 | |
| Masonry | 1 | |
9 total
» buildings
| Altar of Kings | 1 | |
| Farm | 10 | |
| Arcane Vault | 1 | |
| Lumber Mill | 2 | |
| Keep | 3 | |
| Blacksmith | 1 | |
| Scout Tower | 18 | |
| Arcane Tower | 5 | |
| Workshop | 3 | |
| Guard Tower | 17 | |
| Arcane Sanctum | 4 | |
| Town Hall | 3 | |
| Castle | 1 | |
69 total
» build order
00:20 Altar of Kings
00:34 Farm
00:41 Arcane Vault
01:42 Lumber Mill
01:45 Lumber Mill
02:04 Keep
02:05 Keep
02:05 Keep
02:39 Farm
02:49 Blacksmith
02:58 Scout Tower
03:10 Arcane Tower
03:10 Arcane Tower
03:10 Arcane Tower
03:10 Arcane Tower
04:33 Scout Tower
04:34 Farm
04:41 Workshop
05:05 Guard Tower
05:53 Arcane Sanctum
05:57 Arcane Sanctum
07:55 Farm
07:56 Farm
08:55 Town Hall
09:36 Farm
09:53 Arcane Sanctum
09:56 Workshop
12:37 Scout Tower
12:39 Scout Tower
12:40 Scout Tower
12:45 Scout Tower
13:09 Guard Tower
13:09 Guard Tower
13:52 Guard Tower
13:52 Guard Tower
13:52 Guard Tower
14:03 Castle
14:09 Scout Tower
14:10 Scout Tower
14:28 Guard Tower
14:28 Guard Tower
14:57 Farm
15:00 Farm
16:03 Guard Tower
16:14 Arcane Sanctum
16:49 Guard Tower
16:49 Guard Tower
16:49 Guard Tower
19:21 Farm
19:22 Farm
21:24 Town Hall
22:04 Workshop
22:25 Scout Tower
22:25 Scout Tower
22:25 Scout Tower
22:27 Scout Tower
22:29 Scout Tower
22:34 Scout Tower
22:35 Scout Tower
22:39 Scout Tower
22:53 Guard Tower
23:07 Guard Tower
23:07 Guard Tower
23:08 Guard Tower
23:23 Scout Tower
23:56 Town Hall
24:05 Guard Tower
24:09 Scout Tower
» items
| Scroll of Regeneration | 2 | |
| Lesser Clarity Potion | 2 | |
| Potion of Lesser Invulnerability | 1 | |
| Scroll of Town Portal | 4 | |
9 total
pucca_garu (
teal | 54 APM | 1433 actions | 26:36)
8 Tauren Chieftain
2 War Stomp
3 Endurance Aura
1 Reincarnation
2 Shockwave
» actions
| Assign group hotkey | 29 | |
| Basic commands | 211 | |
| Build / train | 98 | |
| ESC pressed | 2 | |
| Enter build submenu | 30 | |
| Enter hero's abilities submenu | 8 | |
| Right click | 204 | |
| Select / deselect | 344 | |
| Select group hotkey | 419 | |
| Use ability | 88 | |
1433 total
» units
| Peon | 28 | |
| Grunt | 10 | |
| Tauren | 3 | |
| Demolisher | 5 | |
| Kodo Beast | 1 | |
| Raider | 9 | |
| Mortar Team | 2 | |
58 total
» upgrades
| Pillage | 1 | |
| Armor | 3 | |
| Melee Weapons | 3 | |
| Reinforced Defenses | 1 | |
| Pulverize | 1 | |
| Spiked Barricades | 2 | |
| Burning Oil | 1 | |
| War Drums Damage Increase | 1 | |
| Ensnare | 1 | |
14 total
» buildings
| Orc Burrow | 6 | |
| Altar of Storms | 1 | |
| Barracks | 1 | |
| War Mill | 1 | |
| Stronghold | 2 | |
| Watch Tower | 11 | |
| Voodoo Lounge | 2 | |
| Fortress | 4 | |
| Great Hall | 2 | |
| Tauren Totem | 2 | |
| Beastiary | 1 | |
33 total
» build order
01:02 Orc Burrow
01:05 Altar of Storms
01:10 Barracks
01:40 Orc Burrow
02:02 War Mill
02:17 Orc Burrow
03:48 Orc Burrow
05:19 Stronghold
05:19 Stronghold
05:44 Watch Tower
05:48 Watch Tower
06:26 Voodoo Lounge
06:55 Watch Tower
07:07 Watch Tower
07:51 Fortress
07:51 Fortress
07:52 Fortress
08:07 Watch Tower
08:59 Great Hall
10:54 Tauren Totem
10:55 Tauren Totem
12:19 Orc Burrow
14:49 Beastiary
15:09 Watch Tower
16:39 Watch Tower
16:47 Watch Tower
18:26 Voodoo Lounge
19:03 Great Hall
21:17 Watch Tower
21:19 Watch Tower
22:44 Orc Burrow
23:06 Watch Tower
» items
| Healing Salve | 1 | |
| Scroll of Regeneration | 2 | |
| Lesser Clarity Potion | 2 | |
| Scroll of Town Portal | 4 | |
9 total

»
UnholyCumulus (
green | 77 APM | 1919 actions | 24:57)
7 Archmage
2 Summon Water Elemental
3 Brilliance Aura
1 Blizzard
1 Mass Teleport
» actions
| Assign group hotkey | 55 | |
| Basic commands | 128 | |
| Build / train | 82 | |
| Enter build submenu | 30 | |
| Enter hero's abilities submenu | 7 | |
| Remove unit from queue | 3 | |
| Right click | 572 | |
| Select / deselect | 384 | |
| Select group hotkey | 588 | |
| Use ability | 70 | |
1919 total
» units
| Peasant | 12 | |
| Rifleman | 17 | |
| Goblin Shredder | 1 | |
| Siege Engine | 10 | |
40 total
» upgrades
| Long Rifles | 1 | |
| Gunpowder | 3 | |
| Lumber Harvesting | 2 | |
| Masonry | 2 | |
| Barrage | 1 | |
| Plating | 2 | |
| Armor | 3 | |
14 total
» buildings
| Farm | 13 | |
| Altar of Kings | 1 | |
| Lumber Mill | 1 | |
| Barracks | 1 | |
| Blacksmith | 1 | |
| Scout Tower | 6 | |
| Arcane Tower | 1 | |
| Keep | 2 | |
| Town Hall | 2 | |
| Arcane Vault | 1 | |
| Castle | 2 | |
| Guard Tower | 3 | |
| Workshop | 2 | |
36 total
» build order
00:27 Farm
00:47 Altar of Kings
01:07 Farm
01:31 Lumber Mill
01:48 Barracks
01:56 Blacksmith
02:01 Farm
02:42 Farm
02:51 Scout Tower
03:06 Arcane Tower
04:25 Keep
05:23 Town Hall
06:02 Arcane Vault
06:46 Castle
07:15 Farm
07:54 Scout Tower
07:57 Scout Tower
08:00 Scout Tower
08:04 Farm
08:32 Guard Tower
08:42 Farm
08:45 Workshop
08:53 Workshop
10:21 Farm
10:35 Scout Tower
10:39 Scout Tower
11:35 Farm
12:09 Guard Tower
12:10 Guard Tower
12:46 Farm
13:25 Farm
14:09 Farm
16:02 Farm
23:54 Keep
24:01 Town Hall
» items
| Scroll of Regeneration | 3 | |
| Scroll of Town Portal | 2 | |
| Potion of Healing | 2 | |
| Potion of Mana | 1 | |
8 total
BelligerentMonk (
yellow | 43 APM | 1081 actions | 25:12)
2 Archmage
1 Blizzard
1 Brilliance Aura
» actions
| Assign group hotkey | 28 | |
| Build / train | 41 | |
| Enter build submenu | 18 | |
| Enter hero's abilities submenu | 2 | |
| Remove unit from queue | 2 | |
| Right click | 508 | |
| Select / deselect | 260 | |
| Select group hotkey | 176 | |
| Use ability | 45 | |
1081 total
» units
| Peasant | 11 | |
| Mortar Team | 8 | |
| Sorceress | 4 | |
| Flying Machine | 6 | |
29 total
» upgrades
| Sorceress Training | 1 | |
| Flare | 1 | |
| Gunpowder | 1 | |
3 total
» buildings
| Altar of Kings | 1 | |
| Arcane Vault | 1 | |
| Farm | 8 | |
| Keep | 1 | |
| Blacksmith | 1 | |
| Lumber Mill | 1 | |
| Workshop | 2 | |
| Arcane Sanctum | 1 | |
16 total
» build order
00:09 Altar of Kings
00:17 Arcane Vault
00:23 Farm
02:28 Keep
02:32 Farm
02:52 Blacksmith
03:07 Lumber Mill
03:29 Farm
04:17 Farm
04:59 Workshop
05:05 Workshop
05:14 Arcane Sanctum
06:37 Farm
07:10 Farm
07:47 Farm
08:28 Farm
» items
| Mechanical Critter | 1 | |
| Scroll of Regeneration | 1 | |
| Scroll of Town Portal | 1 | |
3 total
Chat log
(03:56 / All) NeegauFggot: dumb noob
(04:07 / All) BelligerentMonk: says the idiot who keeps putting away his peons?
(04:20 / All) NeegauFggot: because you're level 1 harassing me?
(04:27 / All) BelligerentMonk: no shit, nooob
(05:08 / All) NeegauFggot: 200 games sub 505
(05:10 / All) NeegauFggot: 50%
(05:12 / All) NeegauFggot: you are a fucking noob
(05:21 / Allies) NeegauFggot: gold
(05:41 / Allies) NeegauFggot: I need gold
(07:08 / All) NeegauFggot: you could be level 4 by now moron
(07:25 / All) BelligerentMonk: my base is more upgraded than yours, idiot
(07:43 / Allies) NeegauFggot: gold
(07:53 / All) NeegauFggot: Yellow you're 200 games shy of 50%
(07:58 / All) NeegauFggot: this is why
(08:09 / All) BelligerentMonk: yeah cuz i get noobs like you in my team who screw up
(08:39 / Allies) gods_agree: wood pls
(09:26 / Allies) TGKAA: claws
(09:30 / All) NeegauFggot: lawl blame it on allies
(09:37 / All) NeegauFggot: you get as many wins as losses over 2k games moron
(11:48 / All) NeegauFggot: every dog has his day
(11:57 / All) BelligerentMonk: lmao idiot. u lose, faggot
(12:05 / All) NeegauFggot: invis harass WOW
(12:08 / All) NeegauFggot: so talented
(12:13 / All) BelligerentMonk: you fucking suck, blue. lmao
(12:20 / All) BelligerentMonk: anyone can stop invi morts, idiot
(12:29 / All) BelligerentMonk: but you suck so much that you coulndt lmao
(12:32 / All) NeegauFggot: Not if yo udon't expect it retard
(12:43 / All) BelligerentMonk: thats why put wards, stupid fuk
(12:51 / All) BelligerentMonk: doctor wards? ever heard of them, idiot?
(12:55 / All) NeegauFggot: youi don't have REVE#AL yourself faggot
(13:09 / All) BelligerentMonk: well thats why u got your base destroyed, lol
(13:33 / Allies) NeegauFggot: back
(14:15 / Allies) gods_agree: wood
(14:26 / All) NeegauFggot: yoiu're good
(14:34 / All) BelligerentMonk: lol u didnt do the work, noob
(14:35 / All) BelligerentMonk: red did.
(14:40 / All) NeegauFggot: Red left
(14:49 / All) BelligerentMonk: no shit
(14:56 / All) NeegauFggot: nice expo you have noob
(14:59 / All) BelligerentMonk: look at your base, and look at his
(15:08 / All) NeegauFggot: look at yours
(15:15 / All) BelligerentMonk: look south, idiot
(15:35 / Allies) gods_agree: wood pls
(16:58 / Allies) NeegauFggot: take the wyvs
(17:50 / All) UnholyCumulus: flare the bms please
(21:06 / All) NeegauFggot: you're really useful yellow with your one gyro
(21:19 / Allies) NeegauFggot: let's attack green base
(22:15 / Allies) NeegauFggot: I got red bm
(22:39 / Allies) NeegauFggot: teal's base
(23:40 / Allies) gods_agree: go
(23:48 / Allies) NeegauFggot: attack their armies
(23:59 / Allies) gods_agree: b and fight ?
(24:44 / All) UnholyCumulus: morts with no flare
(24:45 / All) UnholyCumulus: gg
(25:04 / All) BelligerentMonk: gg purple. you're a beast
(25:09 / All) NeegauFggot: nice harass
(25:11 / All) NeegauFggot: SUPER EFFECTIVE
(25:27 / Allies) NeegauFggot: teals
(25:32 / Allies) TGKAA: nah
(25:34 / Allies) TGKAA: too strong